 Dungeon Crawl Stone Soup version 0.31-a0-355-g57cb03d3e8 (webtiles) character file.

Game seed: 17932647076093379790

365 LustLizard the Ruffian (level 6, -1/41 HPs)
             Began as an Octopode Shapeshifter on July 24, 2023.
             Slain by an orc wizard
             ... wielding a +0 dagger
              (2 damage)
             ... on level 5 of the Dungeon.
             The game lasted 00:06:55 (3874 turns).

LustLizard the Ruffian (Octopode Shapeshifter)      Turns: 3874, Time: 00:06:55

Health: -1/41      AC:  1    Str: 22    XL:     6   Next: 68%
Magic:  6/6        EV: 13    Int: 10    God:
Gold:   227        SH:  0    Dex: 13    Spells: 5/5 levels left

rFire   . .          .
                       - Unarmed
rCold   . . .        (no shield)
rNeg    . . .        (helmet currently unavailable)
rPois   .            u - amulet of regeneration
rElec   .            d - +6 ring of strength
rCorr   .            (no ring)
SInv    .            (no ring)
Will    .....        (no ring)
Stlth   +++          (no ring)
HPRegen 1.06/turn    (no ring)
MPRegen 0.10/turn    (no ring)
                     (no ring)

%: no passive effects
@: beast-form
A: beast (slay +2), almost no armour, amphibious, 8 rings, camouflage 1,
gelatinous body 1, (nimble swimmer 1), tentacles
a: Begin Untransformation


You were on level 5 of the Dungeon.
You were a hulking beast.
You visited 1 branch of the dungeon, and saw 5 of its levels.
You also visited: Sewer.

You collected 227 gold pieces.

Inventory:

Missiles
 c - 9 poisoned darts
 i - 4 datura-tipped darts
Jewellery
 d - a +6 ring of strength (left tentacle)
 u - an amulet of regeneration (around mantle)
Talismans
 b - a beast talisman
Wands
 v - a wand of polymorph (8)
Scrolls
 e - 2 scrolls of enchant weapon
 f - a scroll of torment {unknown}
 h - a scroll of teleportation
 j - a scroll of revelation
 s - a scroll of enchant armour {unknown}
 t - a scroll of amnesia {unknown}
Potions
 a - a potion of lignification
 g - a potion of heal wounds
 k - 3 potions of curing
 l - a potion of ambrosia
 m - a potion of haste
 n - a potion of mutation {unknown}
 o - a potion of cancellation {unknown}
 p - a potion of magic {unknown}
 q - a potion of invisibility {unknown}
 r - a potion of might {unknown}


   Skills:
 + Level 2.9 Fighting
 - Level 2.0 Dodging
 + Level 3.8 Stealth
 * Level 5.1 Unarmed Combat
 + Level 3.8 Shapeshifting


You had 5 spell levels left.
You didn't know any spells.
Your spell library contained the following spells:

 Spells                   Type           Power      Damage    Failure   Level
 Ensorcelled Hibernation  Hex/Ice        0%         N/A       50%         2
 Passwall                 Tmut/Erth      0%         N/A       50%         2
 Swiftness                Air            0%         N/A       75%         3


Dungeon Overview and Level Annotations

Branches:
Dungeon (5/15)              Sewer (visited)
 Temple: D:4-7

Altars:

Shops:
D:1 (


Innate Abilities, Weirdness & Mutations

You are a hulking beast.
Your limbs bulge with bestial killing power. (Slay +2)
You cannot wear most types of armour.
You are amphibious.
You can wear up to eight rings at the same time.
Your skin changes colour to match your surroundings (Stealth+).
Your rubbery body absorbs attacks. (AC +1, EV +1)
((You are camouflaged when in or above water. (Stealth+)))
You have tentacles for arms and can constrict up to eight enemies at once.


Message History

The puff of flame misses you.
You tentacle-slap something. Your squeeze misses something.
An orc priest comes into view. It is wielding a +0 flail.
Something hits you. Something barely misses you.
You bludgeon something! Your squeeze misses something. Something hits you.
You hear some strange, mumbled words.
You are confused.
You bump into the rock wall.
The orc priest misses you.
You hear some strange, mumbled words.
A magic dart appears from out of thin air!
The magic dart hits you. Something hits you.
The orc priest attacks as you move away!
The orc priest hits you with a +0 flail.
The orc priest looks encouraged for a moment.
A magic dart appears from out of thin air!
The magic dart hits you. Something hits you. Something hits you.
Unknown command.
You are too confused!
Unknown command.
Something hits you.
A magic dart appears from out of thin air!
The magic dart hits something.
The orc priest mumbles some strange prayers to Beogh against you.
Pain shoots through your body! Something hits you.
* * * LOW HITPOINT WARNING * * *
You are too confused!
The orc priest misses you.
You hear some strange, mumbled words.
A magic dart appears from out of thin air!
The magic dart hits you.
* * * LOW HITPOINT WARNING * * *
Something hits you.
* * * LOW HITPOINT WARNING * * *
You bump into the rock wall.
You feel less confused. The orc priest completely misses you.
Something hits you.
* * * LOW HITPOINT WARNING * * *
Something hits you.
You die...

*,,,,,,,,,,,,,* *,,,,,,,,,,,,,*
*** **,,,,.,,,,,,** ,,***
**,,..,,,,,,** ,,,,*
***,...,,,,,,,, ,,,** ###
*,,....,,,***,, ,,**
###.##*,...#**,,***,* ,,* ####
##..{o##....#.,,,**,,,
..#####..###....h{.......,*,,**,,
...#..#...####..##...#...,*,,,*,,
...........##........#,,,,,*,,,,,
.....##....#...###.....,,,,*,,,,*
,#....###......# *#......,,,,,,,,
##....#....#..##***......,,,,,,,,
.#.........#..#*,,,......,,*,,,,*
.#....).#.......,,*......,,*,,,,,
...###.##...##...**,,,,,,,,**,,,,


You could see an orc priest.

Vanquished Creatures
  Pargi (Sewer)
  A jelly (D:4)
  An iguana (D:4)
  2 orc wizards (D:3)
  4 adders
  An ufetubus (D:4)
  3 dart slugs
  13 orcs
  7 endoplasms
  8 giant cockroaches
  8 goblins
  4 hobgoblins
  4 jackals (D:1)
  9 kobolds
  9 quokkas
  8 ball pythons
  3 bats
  4 frilled lizards
  22 rats
112 creatures vanquished.

Notes
Turn   | Place    | Note
-------+----------+-------------------------------------------
     0 | D:1      | LustLizard the Octopode Shapeshifter began the quest for
                  | the Orb.
     0 | D:1      | Reached XP level 1. HP: 13/13 MP: 1/1
   106 | D:1      | Reached XP level 2. HP: 18/18 MP: 2/2
   118 | D:1      | Reached skill level 1 in Stealth
   421 | D:1      | Reached XP level 3. HP: 20/23 MP: 3/3
   453 | D:1      | Found Gamiloli's Weapon Emporium.
  1376 | D:3      | Reached XP level 4. HP: 27/29 MP: 4/4
  1487 | D:3      | Reached skill level 4 in Unarmed Combat
  1615 | D:3      | Reached XP level 5. HP: 31/34 MP: 5/5
  2407 | D:4      | Found a glowing drain.
  2617 | Sewer    | Entered a sewer
  2687 | Sewer    | Noticed Pargi
  3074 | Sewer    | Killed Pargi
  3075 | Sewer    | Reached skill level 5 in Unarmed Combat
  3075 | Sewer    | Reached XP level 6. HP: 28/41 MP: 6/6
  3757 | D:5      | Entered Level 5 of the Dungeon
  3873 | D:5      | HP: 1/41 [something (3)]
  3874 | D:5      | Slain by an orc wizard

Illustrated notes

Levels and vault maps discovered:
D:1:      dpeg_arrival_pits, layout_rooms, serial_shops,
          nicolae_shop_bloodbath_and_beyond, feat_on_display
D:2:      layout_basic
D:3:      layout_basic, amcnicky_mini_rare_corridor_liquid, minmay_rat_hole
D:4:      layout_cave_pools, portal_sewer_entry_f, grunt_ministairs_3,
          minmay_cupped
D:5:      layout_cave_pools, serial_shops, nicolae_shop_pleasant_corner_grove

Skill      XL: |  1  2  3  4  5 |
---------------+----------------+-----
Stealth        | 1 2 3 |  3.8
Fighting       | 2 |  2.9
Unarmed Combat | 4 5 |  5.1
Dodging        | |  2.0
Shapeshifting  | |  3.8

Action                     |  1- 3 |  4- 6 || total
---------------------------+-------+-------++-------
  Melee: Unarmed           |    80 |   117 ||   197
         Constrict         |    21 |    28 ||    49
         Tentacles         |     8 |    14 ||    22
         Punch             |     1 |     2 ||     3
  Throw: Dart              |       |    16 ||    16
    Use: Scroll            |       |     8 ||     8
   Stab: Sleeping          |     1 |     5 ||     6
 Armour: Skin              |     6 |     7 ||    13
  Dodge: Dodged            |    31 |    55 ||    86

Table legend: (Time is in decaauts)
 A = Elapsed time spent in this place.
 B = Non-inter-level travel time spent in this place.
 C = Inter-level travel time spent in this place.
 D = Time resting spent in this place.
 E = Time spent auto-exploring this place.
 F = Levels seen in this place.
 G = Mean time per level.
                   A        B        C        D        E       F      G
               +--------+--------+--------+--------+--------+-----+--------+
         Total |   3856 |   3674 |    182 |     22 |   1922 |   6 |  642.7 |
       Dungeon |   3388 |   3206 |    182 |      4 |   1744 |   5 |  677.6 |
         Sewer |    468 |    468 |      0 |     18 |    178 |   1 |  468.0 |
               +--------+--------+--------+--------+--------+-----+--------+

Top non-repeatable levels by time:
     D:3: 1106 daAuts
     D:4: 897 daAuts
     D:1: 741 daAuts
     D:2: 526 daAuts
   Sewer: 468 daAuts
     D:5: 116 daAuts
